 Dungeon Crawl Stone Soup version 0.28.0-43-g3370ac3207 (console) character file.

Game seed: 7497561734558287511

160 Zeor the Conjurer (level 5, -10/21 HPs)
             Began as a Felid Conjurer on Mar 17, 2022.
             Mangled by Pikel
             ... wielding a +2 whip of electrocution
              (13 damage)
             ... on level 4 of the Dungeon.
             The game lasted 00:15:48 (4595 turns).

Zeor the Conjurer (Felid Conjurer)                  Turns: 4595, Time: 00:15:49

Health: -10/21     AC:  2    Str:  3    XL:     5   Next: 17%
Magic:  2/11       EV: 18    Int: 21    God:
Gold:   150        SH:  0    Dex: 15    Spells: 5/11 levels left
                                        Lives:  0   Deaths: 1

rFire   . . .      SeeInvis +   (weapon unavailable)
rCold   . . .      Faith    .   (shield unavailable)
rNeg    . . .      Spirit   .   (armour unavailable)
rPois   .          Reflect  .   (helmet unavailable)
rElec   .          Harm     .   (cloak unavailable)
rCorr   .          Rampage  .   (gloves unavailable)
Will    .....                   (boots unavailable)
Stlth   +++.......              (no amulet)
HPRegen 0.07/turn               (no ring)
MPRegen 0.12/turn               (no ring)

@: quick
A: very small, claws 1, fangs 3, see invisible, speed 1, shaggy fur 2, stealthy
paws, no weapons or thrown items, no armour, multi-lived
a: no special abilities


You were on level 4 of the Dungeon.
You visited 1 branch of the dungeon, and saw 4 of its levels.

You collected 150 gold pieces.

Inventory:

Jewellery
 b - a ring of fire
 f - a ring of flight
Scrolls
 i - a scroll of fear


   Skills:
 * Level 4.0 Dodging
 + Level 4.0 Stealth
 + Level 0.4 Unarmed Combat
 * Level 3.9 Spellcasting
 + Level 5.0 Conjurations


You had 5 spell levels left.
You knew the following spells:

 Your Spells              Type           Power      Damage    Failure   Level
a - Magic Dart            Conj           100%       1d8       1%          1
b - Searing Ray           Conj           50%        2d6       2%          2
c - Dazzling Flash        Conj/Hex       28%        N/A       13%         3

Your spell library contained the following spells:

 Spells                   Type           Power      Damage    Failure   Level
 Summon Small Mammal      Summ           16%        N/A       12%         1
 Call Canine Familiar     Summ           4%         N/A       36%         3
 Summon Guardian Golem    Hex/Summ       4%         N/A       36%         3
 Fulminant Prism          Conj/Hex       7%         3d7       38%         4
 Iskenderun's Mystic Bla  Conj/Tloc      14%        2d5       38%         4


Dungeon Overview and Level Annotations

Branches:
Dungeon (4/15)
 Temple: D:4-7

Altars:
Dithmenos
Fedhas
Gozag

Shops:
D:4 *

Annotations:
D:2 Sigmund
D:4 3 runed translucent doors, Pikel; RascalDebosk's ghost, amateur MiFi; WaxSun's ghost, novice TeAE; bnorton916's ghost, amateur BaIE; croobank's ghost, weakling FeDe; issech's ghost, amateur TrMo


Innate Abilities, Weirdness & Mutations

You have sharp claws.
You have razor-sharp teeth.
You have supernaturally acute eyesight. (SInv)
You cover ground quickly. (Speed+)
You are covered in thick fur. (AC +2)
Your paws help you pounce on unaware monsters.
You are incapable of wielding weapons or throwing items.
You cannot wear armour.
You gain extra lives every three experience levels.


Message History

Confirm with . or Enter, or press ? or * to list all spells.
Aiming: Magic Dart (safe; 1% risk of failure)
Press: ? - help, Shift-Dir - straight line, f/p - Pikel
Aim: Pikel, wielding a +2 whip of electrocution and wearing a +0 robe (severely wounded, 100% to hit)
The magic dart hits Pikel.
Pikel is severely wounded.
Pikel misses you. The kobold closely misses you.
You miss the kobold.
The kobold is severely wounded.
Pikel barely misses you. The kobold barely misses you.
You scratch the kobold.
You kill the kobold!
Pikel hits you with a +2 whip of electrocution!
* * * LOW HITPOINT WARNING * * *
Your Stealth skill increases to level 4!
You see here a +0 whip.
An adder comes into view.
Casting: Magic Dart (safe; 1% risk of failure)
Confirm with . or Enter, or press ? or * to list all spells.
Aiming: Magic Dart (safe; 1% risk of failure)
Press: ? - help, Shift-Dir - straight line, f/p - Pikel
Aim: Pikel, wielding a +2 whip of electrocution and wearing a +0 robe (severely wounded, 100% to hit)
Okay, then.
The adder hisses angrily.
The adder bites you but does no damage.
You closely miss the adder. The adder misses you. The adder closely misses you.
Casting: Magic Dart (safe; 1% risk of failure)
Confirm with . or Enter, or press ? or * to list all spells.
Aiming: Magic Dart (safe; 1% risk of failure)
Press: ? - help, Shift-Dir - straight line, f/p - Pikel
Aim: Pikel, wielding a +2 whip of electrocution and wearing a +0 robe (severely wounded, 100% to hit)
The magic dart hits Pikel.
Pikel is severely wounded.
The adder bites you but does no damage.
You scratch the adder.
The adder is lightly wounded.
The adder completely misses you.
Pikel hits you with a +2 whip of electrocution!
Ouch! That really hurt!
You die...

∙∙∙∙∙▒ ░·░
░·░░
∙∙∙∙∙▒▒▒░·░
░∙∙▒
∙∙∙∙∙∙∙···░
░▒∙▒
∙∙∙∙∙▒░░░░░
▒∙▒
∙∙∙∙∙▒▒▒▒
▒∙▒
∙∙∙∙∙∙∙∙▒
▒∙▒
∙5▒∙∙∙≈∙▒
▒∙▒
▒K∙∙∙∙∙∙▒
▒S▒
▒∙∙5∩∙∙∙▒
▒h▒
▒∙∙5∙∙∙∙▒
▒K▒
▒∙≈∙∙∙#∙▒
▒∙▒
▒∙∙∙∙∙∙∙▒
▒5▒
▒▒▒▒▒▒∙∙▒
▒∙▒
▒▒▒▒▒▒∙▒▒
▒∙▒
5∙∙5∙∙∙▒
▒▒▒▒▒∙▒
▒▒▒∙▒▒▒▒
▒∙∙∙∙∙▒ ▒
▒∙▒ ▒5▒▒▒▒▒


You could see Pikel, a lemure and an adder.

Vanquished Creatures
  An ogre (D:4)
  A lemure (D:4)
  A scorpion (D:4)
  An iguana (D:4)
  An orc wizard (D:4)
  An adder (D:2)
  4 gnolls (D:2)
  2 worms
  3 dart slugs (D:2)
  An orc (D:4)
  5 endoplasms
  3 giant cockroaches
  5 goblins
  4 hobgoblins
  3 jackals (D:1)
  5 kobolds
  3 quokkas
  3 ball pythons
  3 bats
  5 frilled lizards
  5 rats
60 creatures vanquished.

Notes
Turn   | Place    | Note
-------+----------+-------------------------------------------
     0 | D:1      | Zeor the Felid Conjurer began the quest for the Orb.
     0 | D:1      | Reached XP level 1. HP: 7/7 MP: 4/4
   271 | D:2      | Reached XP level 2. HP: 11/11 MP: 1/6
   429 | D:1      | Learned a level 2 spell: Searing Ray
   672 | D:1      | Reached skill level 4 in Conjurations
  1291 | D:1      | Reached XP level 3. HP: 14/14 MP: 2/7
  1295 | D:1      | Learned a level 3 spell: Dazzling Flash
  1643 | D:2      | Noticed Sigmund
  1814 | D:2      | Reached XP level 4. HP: 18/18 MP: 5/9
  2704 | D:3      | Noticed a black bear
  3034 | D:3      | Found an opulent altar of Gozag.
  3090 | D:3      | Found a blossoming altar of Fedhas.
  3310 | D:3      | Found a shadowy altar of Dithmenos.
  3509 | D:3      | Found a faded altar of an unknown god.
  3810 | D:4      | Noticed a lemure
  3827 | D:4      | Noticed a scorpion
  3831 | D:4      | Noticed a centaur
  3841 | D:4      | Killed a scorpion
  3842 | D:4      | Reached XP level 5. HP: 12/21 MP: 4/11
  3852 | D:4      | HP: 1/21 [poisoned by a scorpion]
  4154 | D:4      | Found Kysch's Elemental Accessories.
  4163 | D:4      | Noticed a lemure
  4181 | D:4      | Found a runed translucent gate.
  4181 | D:4      | Found a runed translucent gate.
  4182 | D:4      | Found a runed translucent gate.
  4182 | D:4      | Noticed WaxSun's ghost (novice TeAE)
  4182 | D:4      | Noticed issech's ghost (amateur TrMo)
  4183 | D:4      | Noticed croobank's ghost (weakling FeDe)
  4183 | D:4      | Noticed bnorton916's ghost (amateur BaIE)
  4184 | D:4      | Noticed RascalDebosk's ghost (amateur MiFi)
  4258 | D:4      | Noticed an ogre
  4276 | D:4      | Killed an ogre
  4277 | D:4      | Gained mutation: You are covered in thick fur. (AC +2)
                  | [Felid growth]
  4277 | D:4      | Reached XP level 6. HP: 24/24 MP: 1/12
  4395 | D:4      | Reached skill level 5 in Conjurations
  4474 | D:4      | Killed from afar by an orc priest
  4475 | D:4      | Reached XP level 5. HP: -2/31 MP: 4/11
  4490 | D:4      | Noticed Pikel
  4503 | D:4      | Noticed a lemure
  4521 | D:4      | Killed a lemure
  4595 | D:4      | Mangled by Pikel

Illustrated notes

Levels and vault maps discovered:
D:1:      amcnicky_arrival_choice, layout_loops_ring,
          chequers_serial_rivers_micro_a
D:2:      layout_basic, uniq_crazy_yiuf_cottage, uniq_sigmund
D:3:      layout_basic, grunt_temple_overflow_open, general_overflow_altar,
          dreamdust_ecumenical_altar_statues
D:4:      layout_loops_ring, gammafunk_ghost_cemetery, nicolae_elemental_shop,
          minmay_manual_mares, uniq_blork_the_orc, uniq_pikel

Skill      XL: |  1  2  3  4  5  6 |
---------------+-------------------+-----
Conjurations   | 4 5 |  5.0
Dodging        | 3 4 |  4.0
Stealth        | 3 4 |  4.0
Spellcasting   | 3 |  3.9
Unarmed Combat | |  0.4

Action                   |  1- 3 |  4- 6 || total
-------------------------+-------+-------++-------
Melee: Unarmed           |     4 |    18 ||    22
       Bite              |     1 |     1 ||     2
       Punch             |       |     1 ||     1
 Cast: Magic Dart        |    55 |    26 ||    81
       Searing Ray       |     6 |    19 ||    25
       Dazzling Flash    |       |     2 ||     2
  Use: Scroll            |     1 |     8 ||     9
       Potion            |       |     4 ||     4
 Stab: Sleeping          |       |     4 ||     4
Armor: Skin              |     1 |    10 ||    11
Dodge: Dodged            |     9 |    39 ||    48
